 Dungeon Crawl Stone Soup version 0.28-a0-1404-g4df0f3684d (webtiles) character file.

Game seed: 13522527380635727964

436 fragbeetle the Insei (level 6, 0/50 HPs)
             Began as a Draconian Transmuter on Jan 5, 2022.
             Slain by Grinder (2 damage)
             ... on level 4 of the Dungeon.
             The game lasted 00:07:18 (4349 turns).

fragbeetle the Insei (Draconian Transmuter)         Turns: 4349, Time: 00:07:19

Health: 0/50       AC:  6    Str: 12    XL:     6   Next: 68%
Magic:  5/9        EV: 12    Int: 14    God:
Gold:   126        SH:  0    Dex: 13    Spells: 1/9 levels left

rFire   . . .      SeeInvis .     - Unarmed
rCold   . . .      Faith    .   (no shield)
rNeg    . . .      Spirit   .   (armour unavailable)
rPois   .          Reflect  .   (helmet currently unavailable)
rElec   .          Harm     .   (no cloak)
rCorr   .          Rampage  .   (no gloves)
Will    .....                   (boots currently unavailable)
Stlth   +.........              (no amulet)
HPRegen 0.16/turn               (no ring)
MPRegen 0.11/turn               (no ring)

@: appendages (expiring)
A: horns 2, talons 2, AC +6, unfitting armour, cold-blooded
a: End Transformation


You were on level 4 of the Dungeon.
You had temporarily grown beastly horns and talons.
You visited 1 branch of the dungeon, and saw 4 of its levels.

You collected 126 gold pieces.

Inventory:

Hand Weapons
 o - a +0 hunting sling
Missiles
 d - 211 stones
 m - 8 poisoned darts
Jewellery
 g - an amulet of guardian spirit
 k - a +6 ring of dexterity
Scrolls
 a - 2 scrolls of blinking {unknown}
 b - a scroll of fog {unknown}
 e - 3 scrolls of teleportation {unknown}
 f - a scroll of vulnerability {unknown}
 h - a scroll of summoning {unknown}
 i - 3 scrolls of identify {unknown}
 p - a scroll of enchant armour {unknown}
Potions
 c - a potion of degeneration {unknown}
 j - a potion of attraction {unknown}
 l - a potion of cancellation {unknown}
 n - a potion of might {unknown}


   Skills:
 + Level 2.8 Fighting
 + Level 2.8 Dodging
 * Level 4.8 Unarmed Combat
 - Level 2.0 Spellcasting
 * Level 4.3 Transmutations
 + Level 2.1 Poison Magic


You had one spell level left.
You knew the following spells:

 Your Spells              Type           Power      Damage    Failure   Level
a - Beastly Appendage     Tmut           26%        N/A       4%          1
b - Spider Form           Tmut/Pois      10%        N/A       19%         3
c - Ice Form              Ice/Tmut       7%         N/A       69%         4

Your spell library contained the following spells:

 Spells                   Type           Power      Damage    Failure   Level
 Wereblood                Tmut           13%        N/A       6%          2
 Passwall                 Tmut/Erth      5%         N/A       16%         2
 Swiftness                Air            1%         N/A       56%         3
 Iskenderun's Battlesphe  Conj           1%         2d6       100%        5
 Iron Shot                Conj/Erth      0%         9d1       100%        6
 Spellforged Servitor     Conj/Summ      0%         N/A       100%        7


Dungeon Overview and Level Annotations

Branches:
Dungeon (4/15)
 Temple: D:4-7

Altars:
Dithmenos

Annotations:
D:2 1 runed translucent door, Crazy Yiuf
D:4 Grinder


Innate Abilities, Weirdness & Mutations

You have temporarily grown beastly horns and talons.
Your plain brown scales are hard. (AC +6)
You cannot fit into any form of body armour.
You are cold-blooded and may be slowed by cold attacks.


Message History

Confirm with . or Enter, or press ? or * to list all spells.
You grow a pair of large bovine horns.
Your feet morph into talons.
Grinder gestures at you. Pain shoots through your body!
You hit Grinder. You claw Grinder.
Grinder is severely wounded.
Grinder blinks!
Grinder gestures at you. Pain shoots through your body!
* * * LOW HITPOINT WARNING * * *
Grinder blinks!
You hit Grinder. Your kick misses Grinder. Your headbutt misses Grinder.
You tail-slap Grinder. You punch Grinder.
Grinder is severely wounded.
Grinder blinks!
Grinder gestures at you.
You suddenly lose the ability to move!
Grinder hits you!
* * * LOW HITPOINT WARNING * * *
You writhe in agony.
* * * LOW HITPOINT WARNING * * *
Grinder hits you but does no damage. Grinder hits you.
* * * LOW HITPOINT WARNING * * *
You writhe in agony.
* * * LOW HITPOINT WARNING * * *
You can move again.
Unknown command.
Okay, then.
You hit Grinder but do no damage. Your kick misses Grinder.
Your tail-slap misses Grinder.
Grinder is severely wounded.
Grinder closely misses you.
You hit Grinder. Your headbutt misses Grinder.
Grinder is severely wounded.
Your transformation is almost over.
You barely miss Grinder.
Your tail-slap misses Grinder.
Grinder is severely wounded.
Grinder hits you.
You die...

###.# ....... .#..# ....... ...##
..... ....# .... .... ..### ..#
#.... ..# ### ##.# ##.).. ..# ###
###.# #..# #..... #.# ##.###
#...####.## ##..... #.####....#
##.5@.....#####...... #.....##..#
#............#..#....
..#..####.###..##.##.)##.........
.###.# #.##.####....#####..)....
####.## #....#####..## ##.####..
..###.###...........# #..# .
.......)..........)### #.## .#
####..####.#......)<)####.###...#
#.## ##.##.5..##).##.....#


You could see Grinder.

Vanquished Creatures
  Blork the orc (D:4)
  A scorpion (D:4)
  Terence (D:3)
  Natasha (thrice) (D:3)
  3 hound skeletons (D:4)
  Robin (D:4)
  7 adders
  2 adder skeletons (D:4)
  A worm (D:2)
  2 dart slugs
  10 orcs
  3 ball pythons
  An endoplasm (D:2)
  2 giant cockroaches
  16 goblins
  10 hobgoblins
  3 jackals (D:2)
  A quokka (D:2)
  3 bats
  7 frilled lizards
  8 kobolds
  A rat (D:2)
87 creatures vanquished.

Notes
Turn   | Place    | Note
-------+----------+-------------------------------------------
     0 | D:1      | fragbeetle the Draconian Transmuter began the quest for the
                  | Orb.
     0 | D:1      | Reached XP level 1. HP: 16/16 MP: 3/3
   323 | D:1      | Found a faded altar of an unknown god.
   520 | D:1      | Reached XP level 2. HP: 18/23 MP: 3/5
  1038 | D:2      | Reached XP level 3. HP: 19/28 MP: 4/6
  1064 | D:2      | Learned a level 3 spell: Spider Form
  1555 | D:2      | Found a runed translucent door.
  1556 | D:2      | Noticed Crazy Yiuf
  2095 | D:3      | Reached XP level 4. HP: 36/36 MP: 5/7
  2347 | D:3      | Found a shadowy altar of Dithmenos.
  2428 | D:3      | Noticed Terence
  2441 | D:3      | Killed Terence
  2442 | D:3      | Reached skill level 1 in Poison Magic
  2595 | D:3      | Noticed Natasha
  2601 | D:3      | Killed Natasha
  2602 | D:3      | Reached XP level 5. HP: 35/41 MP: 6/8
  3017 | D:3      | Noticed Natasha
  3026 | D:3      | Killed Natasha
  3189 | D:3      | Noticed Natasha
  3196 | D:3      | Killed Natasha
  3212 | D:3      | Found a shadowy altar of Dithmenos.
  3289 | D:4      | Learned a level 4 spell: Ice Form
  3315 | D:4      | Noticed Robin
  3356 | D:4      | Killed Robin
  3555 | D:4      | Reached XP level 6. HP: 50/50 MP: 7/9
  3817 | D:4      | Noticed Blork the orc
  3832 | D:4      | Killed Blork the orc
  4309 | D:4      | Noticed Grinder
  4343 | D:4      | Paralysed by Grinder for 4 turns
  4346 | D:4      | HP: 1/50 [Grinder (4)]
  4349 | D:4      | Slain by Grinder

Illustrated notes

Levels and vault maps discovered:
D:1:      sevenhm_arrival_forest_fort_small_6, layout_rooms,
          chequers_ecumenical_altar_island, minmay_misc_feat_room
D:2:      layout_loops_ring, uniq_crazy_yiuf_cottage
D:3:      layout_loops_ring, mainiacjoe_overflow_cross_hatched,
          chequers_serial_rivers_marsh, uniq_natasha, uniq_terence
D:4:      kennysheep_the_goblin_king, layout_layer_cave, uniq_blork_the_orc,
          uniq_grinder, uniq_robin

Skill      XL: |  1  2  3  4  5  6 |
---------------+-------------------+-----
Dodging        | 2 |  2.8
Transmutations | 3 4 |  4.3
Fighting       | 2 |  2.8
Unarmed Combat | 4 |  4.8
Poison Magic   | 1 2 |  2.1
Spellcasting   | |  2.0

Action                   |  1- 3 |  4- 6 || total
-------------------------+-------+-------++-------
Melee: Unarmed           |    98 |   154 ||   252
       Kick              |    20 |    22 ||    42
       Tailslap          |    11 |    15 ||    26
       Punch             |     3 |     3 ||     6
       Headbutt          |     6 |    19 ||    25
 Cast: Beastly Appendage |    28 |    23 ||    51
       Spider Form       |       |     4 ||     4
 Stab: Sleeping          |     2 |       ||     2
Armor: Skin              |    25 |    32 ||    57
Dodge: Dodged            |    51 |    93 ||   144

Table legend: (Time is in decaauts)
 A = Elapsed time spent in this place.
 B = Non-inter-level travel time spent in this place.
 C = Inter-level travel time spent in this place.
 D = Time resting spent in this place.
 E = Time spent auto-exploring this place.
 F = Levels seen in this place.
 G = Mean time per level.
                   A        B        C        D        E       F      G
               +--------+--------+--------+--------+--------+-----+--------+
         Total |   4361 |   4263 |     98 |     64 |   3356 |   4 | 1090.2 |
       Dungeon |   4361 |   4263 |     98 |     64 |   3356 |   4 | 1090.2 |
               +--------+--------+--------+--------+--------+-----+--------+

Top non-repeatable levels by time:
     D:2: 1337 daAuts
     D:3: 1217 daAuts
     D:4: 1098 daAuts
     D:1: 707 daAuts
